 Dungeon Sprint DCSS version 0.24.0-123-gd5b16e6ec5 (webtiles) character file.

Game seed: 17332411239948133392, levelgen mode: deterministic

17073 Groucho the Tortoise (level 12, -6/124 HPs)
             Began as a Minotaur Fighter on Dec 29, 2019.
             Was the Champion of Makhleb.
             Blown up by an eye of devastation (41 damage)
             ... with a bolt of energy
             ... in the Dungeon (Sprint VII: "The Pits").
             The game lasted 00:11:28 (1769 turns).

Groucho the Tortoise (Minotaur Fighter)             Turns: 1769, Time: 00:11:29

Health: -6/124     AC: 23    Str: 27    XL:     12   Next: 15%
Magic:  21/21      EV:  9    Int:  5    God:    Makhleb [******]
Gold:   68         SH: 15    Dex: 12    Spells: 11/11 levels left

rFire    . . .     SeeInvis .   s - +8 mithril axe "Arga" {speed, MR+}
rCold    . . .     Gourm    .   c - +0 shield
rNeg     . . .     Faith    .   v - +4 chain mail
rPois    .         Spirit   .   C - +1 hat
rElec    .         Reflect  .   (no cloak)
rCorr    .         Harm     .   u - +0 pair of gloves
MR       +....     NoTele   +   (no boots)
Stlth    ..........             (no amulet)
HPRegen  0.30/turn              b - +3 ring of protection
MPRegen  0.17/turn              h - +3 ring of strength

@: lethally poisoned (-6 -> -11)
A: retaliatory headbutt, horns 2
a: Minor Destruction, Lesser Servant of Makhleb, Major Destruction, Greater
Servant of Makhleb, Renounce Religion


You were in the Dungeon.
You worshipped Makhleb.
Makhleb was exalted by your worship.
You were not hungry.

You visited 1 branch You collected 68 gold pieces.

Inventory:

Hand Weapons
 r - a +2 flail of crushing
 s - the +8 mithril axe "Arga" (weapon) {speed, MR+}
   (You found it in the Dungeon)

   Attacks with this weapon are significantly faster.
   It affects your resistance to hostile enchantments.
Missiles
 p - 15 stones (quivered)
Armour
 c - a +0 shield (worn)
 u - a +0 pair of gloves (worn)
 v - a +4 chain mail (worn)
 C - a +1 hat (worn)
Jewellery
 b - a +3 ring of protection (left hand)
 h - a +3 ring of strength (right hand)
 x - an uncursed ring of poison resistance
 y - an uncursed ring of fire
Scrolls
 k - a scroll of blinking
 m - 5 scrolls of remove curse
 n - 5 scrolls of amnesia
 o - a scroll of summoning
 w - 6 scrolls of identify
 z - 3 scrolls of fog
 A - 2 scrolls of enchant armour
 B - a scroll of fear
Potions
 a - a potion of resistance
 d - 4 potions of might
 e - 9 potions of curing
 g - 11 potions of heal wounds
 i - 4 potions of magic
 j - 5 potions of berserk rage
 l - a potion of invisibility
 q - 2 potions of brilliance
 t - 2 potions of agility
Comestibles
 f - 8 rations


   Skills:
 + Level 16.4 Fighting
 + Level 16.2 Axes
 + Level 16.4 Armour
 + Level 16.4 Shields
 + Level 13.8 Invocations


You had 11 spell levels left.
You didn't know any spells.
Your spell library was empty.

Dungeon Overview and Level Annotations

Branches:
Dungeon (1/1)

Altars:
Ashenzari
Cheibriados
Dithmenos
Elyvilon
Fedhas
Gozag
Hepliaklqana
Kikubaaqudgha
Makhleb
Nemelex Xobeh
Okawaru
Qazlal
Ru
Sif Muna
Trog
Uskayaw
Vehumet
Wu Jian
Xom
Yredelemnul
Zin
The Shining One
Beogh
Jiyva
Lugonu


Innate Abilities, Weirdness & Mutations

You reflexively headbutt those who attack you in melee.
You have a pair of horns on your head.


Message History

Things that are here:
a +0 halberd; a +0 chain mail; an orc corpse You feel sick.
You feel sick.
You feel sick. What are your orders? t - Shout!
Orders for allies: a - Attack new target. r - Retreat! s - Stop attacking. g - Guard the area. f - Follow me.
Anything else - Cancel.
Gang up on whom?
Press: ? - help, Dir - move target cursor, f - eye of devastation
Aim: an eye of devastation Attack!
You feel sick.
You feel sick. The eye of devastation gazes at you.
The bolt of energy hits your blizzard demon!
The bolt of energy hits you!!!
You die...

++#######################
...†............@.2..G...
...............).).......
..##############)'#######
..# #..).....# ..#
#........# ..# ####..####
..# .... ).# ..... [†#
......


You could see an eye of devastation and a friendly blizzard demon.

Vanquished Creatures
  Gastronok (D)
  Agnes (D)
  2 orc warlords (D)
  A fire crab (D)
  A flayed ghost (D)
  A lindwurm (D)
  5 harpies (D)
  5 orc knights (D)
  A rime drake (D)
  An ice devil (D)
  A hellwing (D)
  A merfolk (D)
  A troll (D)
  A jumping spider (D)
  A red devil (D)
  Grinder (D)
  A tyrant leech (D)
  A polar bear (D)
  4 blink frogs (D)
  A flying skull (D)
  A redback (D)
  A fire elemental (D)
  An acid dragon (D)
  A porcupine (D)
  2 necrophages (D)
  2 centaurs (D)
  A crocodile (D)
  A small abomination (D)
  A crimson imp (D)
  A quasit (D)
  2 orc priests (D)
  An iron imp (D)
  An orc wizard (D)
  Ijyb (D)
  3 gnolls (D)
  A river rat (D)
  An adder skeleton (D)
  A worm (D)
  2 leopard geckos (D)
  2 orcs (D)
  A bat skeleton (D)
  A bat zombie (D)
  4 hobgoblins (D)
  3 jackals (D)
  A goblin (D)
69 creatures vanquished.

Vanquished Creatures (collateral kills)
  A shadow wraith (D)
  A deep troll (D)
  3 orc knights (D)
  A phantasmal warrior (D)
  A manticore (D)
  Joseph (D)
  A molten gargoyle (D)
  A hornet (D)
  A bog body (D)
  A flying skull (D)
  2 redbacks (D)
  A vampire (D)
  2 tarantellas (D)
  An acid dragon (D)
  A water moccasin (D)
  An ice beast (D)
  An eye of draining (D)
  A centaur (D)
  Blork the orc (D)
  A gnoll sergeant (D)
  2 gnolls (D)
  An adder zombie (D)
  A bat zombie (D)
  A bat (D)
  A kobold (D)
30 creatures vanquished.

Grand Total: 99 creatures vanquished

Notes
Turn   | Place    | Note
-------+----------+-------------------------------------------
     0 | D        | Groucho the Minotaur Fighter began the quest for the Orb.
     0 | D        | Reached XP level 1. HP: 19/19 MP: 0/0
    39 | D        | Found a bloodstained altar of Trog.
    39 | D        | Found a shimmering blue altar of Sif Muna.
    39 | D        | Found a viscous altar of Jiyva.
    39 | D        | Found a hazy altar of Hepliaklqana.
    39 | D        | Found an opulent altar of Gozag.
    40 | D        | Found a glowing golden altar of the Shining One.
    40 | D        | Found a glowing silver altar of Zin.
    40 | D        | Found a basalt altar of Yredelemnul.
    40 | D        | Found a shimmering altar of Xom.
    40 | D        | Found an ornate altar of the Wu Jian Council.
    40 | D        | Found a sacrificial altar of Ru.
    40 | D        | Found a stormy altar of Qazlal.
    40 | D        | Found an iron altar of Okawaru.
    40 | D        | Found a sparkling altar of Nemelex Xobeh.
    40 | D        | Found a burning altar of Makhleb.
    40 | D        | Found a blossoming altar of Fedhas.
    40 | D        | Found a white marble altar of Elyvilon.
    40 | D        | Found a shadowy altar of Dithmenos.
    40 | D        | Found a snail-covered altar of Cheibriados.
    42 | D        | Found a radiant altar of Vehumet.
    42 | D        | Found a corrupted altar of Lugonu.
    42 | D        | Found a roughly hewn altar of Beogh.
    43 | D        | Found a hide-covered altar of Uskayaw.
    43 | D        | Found an ancient bone altar of Kikubaaqudgha.
    43 | D        | Found a shattered altar of Ashenzari.
    54 | D        | Became a worshipper of Makhleb the Destroyer
    80 | D        | Reached * piety under Makhleb
    94 | D        | Reached skill level 1 in Invocations
    94 | D        | Reached XP level 2. HP: 12/27 MP: 1/1
    95 | D        | Reached ** piety under Makhleb
   402 | D        | Noticed Ijyb
   412 | D        | Killed Ijyb
   412 | D        | Reached *** piety under Makhleb
   412 | D        | Reached skill level 5 in Fighting
   412 | D        | Reached skill level 5 in Armour
   412 | D        | Reached skill level 5 in Shields
   412 | D        | Reached XP level 3. HP: 36/36 MP: 1/3
   587 | D        | Noticed a flying skull
   588 | D        | Reached XP level 4. HP: 39/42 MP: 3/5
   591 | D        | Reached skill level 5 in Axes
   591 | D        | Noticed Grinder
   594 | D        | Noticed a porcupine
   596 | D        | Paralysed by Grinder for 2 turns
   602 | D        | Killed a flying skull
   602 | D        | Reached **** piety under Makhleb
   602 | D        | Reached skill level 5 in Invocations
   602 | D        | Reached XP level 5. HP: 32/52 MP: 4/7
   602 | D        | Reached XP level 6. HP: 37/60 MP: 4/8
   615 | D        | Killed Grinder
   616 | D        | Reached XP level 7. HP: 52/69 MP: 5/10
   621 | D        | Reached ***** piety under Makhleb
   743 | D        | Noticed Joseph
   756 | D        | Killed Joseph
   756 | D        | Reached skill level 10 in Fighting
   756 | D        | Reached skill level 10 in Armour
   756 | D        | Reached skill level 10 in Shields
   756 | D        | Reached XP level 8. HP: 43/79 MP: 12/12
  1048 | D        | Found the +8 mithril axe "Arga" {speed, MR+}
  1176 | D        | Noticed a lindwurm
  1185 | D        | Killed a lindwurm
  1185 | D        | Reached ****** piety under Makhleb
  1185 | D        | Reached skill level 10 in Axes
  1283 | D        | Noticed a blink frog
  1283 | D        | Noticed a blink frog
  1283 | D        | Noticed a blink frog
  1286 | D        | Killed a blink frog
  1286 | D        | Noticed a tyrant leech
  1292 | D        | Killed a blink frog
  1292 | D        | Reached XP level 9. HP: 89/89 MP: 14/14
  1298 | D        | Killed a tyrant leech
  1330 | D        | Noticed Agnes
  1349 | D        | Killed a shadow wraith
  1349 | D        | Reached skill level 10 in Invocations
  1351 | D        | Killed Agnes
  1351 | D        | Reached XP level 10. HP: 74/101 MP: 9/17
  1351 | D        | Noticed Blork the orc
  1354 | D        | Killed Blork the orc
  1361 | D        | Noticed a flayed ghost
  1364 | D        | Killed a flayed ghost
  1378 | D        | Noticed a deep troll
  1382 | D        | Noticed a molten gargoyle
  1385 | D        | Noticed a phantasmal warrior
  1385 | D        | Noticed a manticore
  1386 | D        | Killed a deep troll
  1394 | D        | Killed a manticore
  1395 | D        | Killed a molten gargoyle
  1397 | D        | Killed a phantasmal warrior
  1628 | D        | Noticed Gastronok
  1633 | D        | Reached XP level 11. HP: 111/111 MP: 18/18
  1640 | D        | Killed Gastronok
  1655 | D        | Noticed a fire crab
  1665 | D        | Killed a fire crab
  1665 | D        | Reached skill level 15 in Fighting
  1665 | D        | Reached skill level 15 in Armour
  1670 | D        | Reached skill level 15 in Shields
  1678 | D        | Noticed a harpy
  1678 | D        | Noticed a harpy
  1679 | D        | Noticed a harpy
  1679 | D        | Noticed a harpy
  1679 | D        | Noticed a harpy
  1681 | D        | Killed a harpy
  1684 | D        | Killed a harpy
  1684 | D        | Reached skill level 15 in Axes
  1686 | D        | Killed a harpy
  1689 | D        | Killed a harpy
  1696 | D        | Killed a harpy
  1707 | D        | Noticed an orc knight
  1707 | D        | Noticed an orc knight
  1707 | D        | Noticed an orc knight
  1707 | D        | Noticed an orc knight
  1707 | D        | Noticed an orc knight
  1707 | D        | Noticed an orc knight
  1708 | D        | Noticed an orc warlord
  1708 | D        | Noticed an orc knight
  1708 | D        | Noticed an orc warlord
  1709 | D        | Noticed an orc knight
  1712 | D        | Noticed a cacodemon
  1724 | D        | Killed an orc knight
  1729 | D        | Killed an orc knight
  1733 | D        | Killed an orc knight
  1742 | D        | Killed an orc knight
  1745 | D        | Killed an orc warlord
  1750 | D        | Killed an orc warlord
  1750 | D        | Reached XP level 12. HP: 71/122 MP: 19/21
  1769 | D        | Blown up by an eye of devastation

Levels and vault maps discovered:
D:        pitsprint [storerooms_1, entrance_room_1, metal_vault_1, armoury_2,
          mini_pit_1, grid_room_1, main_hall_1, silver_pit, the_coven_1,
          the_vestibule_1, steel_vault_4, golden_pit, hallway_of_sentries,
          crystal_vault_1, iron_vault_5, final_vault]

Skill      XL: |  1  2  3  4  5  6  7  8  9 10 11 |
---------------+----------------------------------+-----
Fighting       | 4 5 7 8 10 11 13 14 16 | 16.4
Armour         | 4 5 7 9 10 11 13 14 16 | 16.4
Shields        | 4 5 7 8 10 11 13 14 16 | 16.4
Axes           | 3 4 7 8 9 11 12 14 16 | 16.2
Invocations    | 1 2 3 5 6 7 9 10 11 13 | 13.8

Action                   |  1- 3 |  4- 6 |  7- 9 | 10-12 || total
-------------------------+-------+-------+-------+-------++-------
Melee: War axe           |    25 |    18 |    35 |       ||    78
       Headbutt          |     5 |     2 |    12 |    17 ||    36
       Broad axe         |       |       |    52 |    98 ||   150
Invok: Minor Destruction |     3 |     6 |     1 |     3 ||    13
       Lesser Servant of |       |       |     1 |       ||     1
       Major Destruction |       |       |     3 |       ||     3
       Greater Servant o |       |       |     1 |     6 ||     7
  Use: Potion            |       |     2 |     2 |     2 ||     6
 Stab: Invisible         |       |     4 |     3 |       ||     7
  Eat: Ration            |       |       |     1 |       ||     1
Armor: Scale mail        |    19 |       |       |       ||    19
       Chain mail        |       |    12 |    39 |    31 ||    82
Dodge: Dodged            |    16 |    10 |    25 |    32 ||    83
Block: Shield            |    24 |    13 |    41 |    70 ||   148
